 Dungeon Crawl Stone Soup version 0.17.1-3-g152610e (webtiles) character file.

156 inmateoo the Charmwright (level 5, -14/36 HPs)
             Began as a High Elf Skald on Feb 22, 2016.
             Demolished by an ogre
             ... wielding a +0 giant club
              (27 damage)
             ... on level 4 of the Dungeon.
             The game lasted 00:03:12 (2961 turns).

inmateoo the Charmwright (High Elf Skald)           Turns: 2961, Time: 00:03:12

Health: -14/36     AC:  6    Str: 12    XL:     5   Next: 14%
Magic:  10/10      EV:  9    Int: 15    God:
Gold:   224        SH:  0    Dex: 20    Spells: 1 memorised, 7 levels left

rFire  . . .     SeeInvis .     q - +4 dagger
rCold  . . .     Clarity  .     g - +0 scale mail
rNeg   . . .     SustAt   .     (no shield)
rPois  .         Gourm    .     (no helmet)
rElec  .         Spirit   .     (no cloak)
rCorr  .         Warding  .     (no gloves)
rMut   .         Stasis   .     (no boots)
MR     .....                    (no amulet)
Stlth  ++........               t - +5 ring of dexterity
                                a - ring of invisibility

@: not resistant to hostile enchantments, unstealthy
A: camouflage 1, high mp 1
a: Evoke Invisibility


You were on level 4 of the Dungeon.
You were very hungry.

You visited 1 branch of the dungeon, and saw 4 of its levels.

You collected 224 gold pieces.

Inventory:

Hand Weapons
 q - a +4 dagger (weapon)
Armour
 g - a +0 scale mail (worn)
Jewellery
 a - a ring of invisibility (left hand)
 p - an uncursed ring of protection from cold
 t - a +5 ring of dexterity (right hand)
Potions
 b - a potion of cure mutation
 e - a potion of brilliance {unknown}
 f - 4 potions of curing
 j - a potion of might
 l - a potion of flight
 n - 2 potions of heal wounds
Books
 c - a book of Battle

   Spells                             Type                      Level
   a - Infusion                       Charms                       1
   b - Shroud of Golubria             Charms/Translocation         2
   c - Song of Slaying                Charms                       2
   d - Spectral Weapon                Hexes/Charms                 3
   e - Regeneration                   Charms/Necromancy            3
Comestibles
 d - 2 bread rations
 h - 3 meat rations
 k - 2 slices of pizza


   Skills:
 + Level 3.1 Fighting
   Level 1.5 Polearms
 + Level 2.0 Armour
 - Level 1.4 Dodging
 + Level 1.3 Stealth
 * Level 2.1 Unarmed Combat
 - Level 2.4 Spellcasting
 - Level 3.6 Charms
 + Level 1.4 Evocations


You had 7 spell levels left.
You knew the following spells:

 Your Spells              Type           Power        Failure   Level  Hunger
a - Infusion              Chrm           ##....       28%         1    #......


Dungeon Overview and Level Annotations

Branches:
Dungeon (4/15)
 Temple: D:4-7

Altars:
Sif Muna
The Shining One


Innate Abilities, Weirdness & Mutations

Your skin changes colour to match your surroundings (Stealth).
You have an increased reservoir of magic (+10% MP).


Message History

You puncture the ogre!
The ogre is moderately wounded.
The ogre hits you but does no damage.
You hit the ogre.
The ogre is heavily wounded.
You are feeling very hungry.
You hit the ogre.
The ogre is heavily wounded.
The ogre hits you with a giant club!!
Ouch! That really hurt!
A jackal comes into view.
The jackal barks!
You hit the ogre.
The ogre is severely wounded.
The ogre hits you with a giant club.
You hit the ogre.
The ogre is severely wounded.
The ogre hits you with a giant club!!
Ouch! That really hurt!
You die...

#.. #.( #.. #.
#.. #..##..##
#......?########
#..O.........
#@<# #..# #..#
#..# #h.# #..#
#..# #$h.


You could see an ogre and 2 jackals.

Vanquished Creatures
  A crimson imp (D:3)
  Ijyb (D:3)
  3 adders
  An ooze (D:3)
  3 worms (D:2)
  2 giant geckos
  2 orcs (D:3)
  2 ball pythons (D:2)
  9 goblins
  4 hobgoblins
  7 bats
  3 giant cockroaches
  2 giant newts (D:1)
  4 jackals (D:3)
  6 kobolds
  5 rats
55 creatures vanquished.

Notes
Turn   | Place    | Note
--------------------------------------------------------------
     0 | D:1      | inmateoo the High Elf Skald began the quest for the Orb.
     0 | D:1      | Reached XP level 1. HP: 14/14 MP: 4/4
    40 | D:1      | Reached skill level 1 in Armour
   301 | D:1      | Reached XP level 2. HP: 19/19 MP: 6/6
   727 | D:2      | Reached skill level 1 in Unarmed Combat
   813 | D:2      | Reached XP level 3. HP: 20/25 MP: 7/7
  1228 | D:2      | Found a glowing golden altar of the Shining One.
  1775 | D:2      | Reached skill level 1 in Evocations
  1921 | D:3      | Found a deep blue altar of Sif Muna.
  1987 | D:3      | Reached XP level 4. HP: 26/30 MP: 8/8
  1997 | D:3      | Noticed Ijyb
  2019 | D:3      | Killed Ijyb
  2142 | D:3      | Gained mutation: Your skin changes colour to match your surroundings (Stealth). [potion of mutation]
  2142 | D:3      | Gained mutation: You are weak. (Str -2) [potion of mutation]
  2142 | D:3      | Gained mutation: You have an increased reservoir of magic (+10% MP). [potion of mutation]
  2144 | D:3      | Lost mutation: You are weak. (Str -2) [potion of beneficial mutation]
  2196 | D:3      | Reached skill level 1 in Stealth
  2436 | D:3      | Reached XP level 5. HP: 34/36 MP: 10/10
  2955 | D:4      | Noticed an ogre
  2961 | D:4      | Demolished by an ogre

Action                   |  1- 3 |  4- 6 || total
-------------------------+-------+-------++-------
Melee: Spear             |   102 |       ||   102
       Dagger            |    52 |    70 ||   122
 Abil: Evoke Invisibilit |       |     1 ||     1
  Use: Scroll            |       |    13 ||    13
       Potion            |       |     2 ||     2
 Stab: Invisible         |       |     3 ||     3
       Sleeping          |       |     1 ||     1
  Eat: Chunk             |     3 |     3 ||     6
